 Dungeon Crawl Stone Soup version 0.30-a0-939-gc8157cb160 (webtiles) character file.

Game seed: 6483424055977062218

63 howech the Twirler (level 3, -1/30 HPs)
             Began as a Minotaur Gladiator on Mar 25, 2023.
             Splashed by a jelly's acid (10 damage)
             ... on level 2 of the Dungeon.
             The game lasted 00:02:31 (785 turns).

howech the Twirler (Minotaur Gladiator)              Turns: 785, Time: 00:02:31

Health: -1/30      AC: -4    Str: 18    XL:     3   Next: 87%
Magic:  2/2        EV: 12    Int:  7    God:
Gold:   40         SH:  0    Dex: 11    Spells: 3/3 levels left

rFire   . . .      SeeInvis .    a - +0 quarterstaff
rCold   . . .      Faith    .    (shield currently unavailable)
rNeg    . . .      Spirit   .    b - +0 leather armour
rPois   .          Reflect  .    c - +0 hat
rElec   .          Rampage  .    (no cloak)
rCorr   .                        (no gloves)
Will    .....                    (no boots)
Stlth   +                        (no amulet)
HPRegen 0.25/turn                (no ring)
MPRegen 0.08/turn                (no ring)

@: corroded
A: horns 2, retaliatory headbutt
a: no special abilities


You were on level 2 of the Dungeon.
You visited 1 branch of the dungeon, and saw 2 of its levels.

You collected 40 gold pieces.

Inventory:

Hand Weapons
 a - a +0 quarterstaff (weapon)
Missiles
 d - 3 throwing nets (quivered)
 e - a javelin
Armour
 b - a +0 leather armour (worn)
 c - a +0 hat (worn)
Potions
 f - a potion of invisibility {unknown}
 g - a potion of heal wounds
 h - a potion of haste {unknown}
 i - a potion of might {unknown}


   Skills:
 + Level 2.9 Fighting
 * Level 4.3 Staves
 + Level 2.3 Throwing
 + Level 1.1 Armour
 + Level 3.6 Dodging
 + Level 0.5 Spellcasting
 + Level 0.6 Evocations


You had 3 spell levels left.
You didn't know any spells.
Your spell library contained the following spells:

 Spells                   Type           Power      Damage    Failure   Level
 Call Canine Familiar     Summ           0%         N/A       85%         3
 Portal Projectile        Hex/Tloc       0%         N/A       85%         3
 Leda's Liquefaction      Hex/Erth       0%         N/A       99%         4


Dungeon Overview and Level Annotations

Branches:
Dungeon (2/15)

Altars:


Innate Abilities, Weirdness & Mutations

You have a pair of horns on your head.
You reflexively headbutt those who attack you in melee.


Message History

The jelly closely misses you. You furiously retaliate!
You headbutt the jelly! You hit the jelly.
Your hands burn!
The jelly is almost dead.
The jelly hits you but does no damage.
You sock the jelly!
You kill the jelly!
Your Armour skill increases to level 1!
Unknown command.
You hit the endoplasm.
The endoplasm is lightly wounded.
The endoplasm freezes you.
You are frozen.
* * * LOW HITPOINT WARNING * * *
Unknown command.
The endoplasm attacks as you move away! The endoplasm closely misses you.
Things that are here:
a +0 short sword; a kobold corpse You hit the endoplasm but do no damage.
The endoplasm is lightly wounded.
The endoplasm misses you. The endoplasm attacks as you move away!
The endoplasm barely misses you. You furiously retaliate!
You headbutt the endoplasm!
You kill the endoplasm!
There is an open door here.
You close the door.
You hear a slurping noise.
The jelly eats the door!
The jelly attacks as you move away! The jelly completely misses you.
The jelly attacks as you move away! The jelly hits you.
* * * LOW HITPOINT WARNING * * *
The acid corrodes you!
You are splashed with acid!
* * * LOW HITPOINT WARNING * * *
It was a potion of heal wounds.
You feel much better. The jelly hits you. The acid corrodes you!
You are splashed with acid!
You hit the jelly.
Your hands burn!
The jelly is moderately wounded.
The jelly hits you.
* * * LOW HITPOINT WARNING * * *
The acid corrodes you!
You are splashed with acid!
You die...

.....÷÷J.#
#######'#
##.JJ...##
#.########
##.......#
####....#
#.......#
#...JJ..#
#...@.(.#
#.......#
##.....##
##...##
##'''##
#.....#
###)###
##########
#)#
.........#
###.#


You could see a jelly and an endoplasm.

Vanquished Creatures
  A jelly (D:2)
  A dart slug (D:1)
  A ball python (D:2)
  3 endoplasms
  A giant cockroach (D:1)
  3 hobgoblins (D:1)
  5 jackals (D:1)
  9 kobolds
  2 bats (D:1)
  2 frilled lizards (D:1)
  A rat (D:1)
29 creatures vanquished.

Vanquished Creatures (others)
  2 fungi (D:2)
  4 toadstools (D:2)
6 creatures vanquished.

Grand Total: 35 creatures vanquished

Notes
Turn   | Place    | Note
-------+----------+-------------------------------------------
     0 | D:1      | howech the Minotaur Gladiator began the quest for the Orb.
     0 | D:1      | Reached XP level 1. HP: 18/18 MP: 0/0
   238 | D:1      | Reached XP level 2. HP: 25/25 MP: 1/1
   469 | D:1      | Reached skill level 4 in Staves
   717 | D:2      | Reached XP level 3. HP: 30/30 MP: 2/2
   768 | D:2      | Reached skill level 1 in Armour
   785 | D:2      | Splashed by a jelly's acid

Illustrated notes

Levels and vault maps discovered:
D:1:      beargit_arrival_greenhouse, layout_loops_cross, st_stairs_12
D:2:      cheibrodos_fertilizer, layout_basic, basic_ecumenical_altar,
          serial_corexii_hall, chequers_hall_statues_corner_a,
          corexii_hall_statues_u, chequers_hall_statues_corner_a,
          chequers_serial_rivers_micro_d

Skill      XL: |  1  2  3 |
---------------+----------+-----
Staves         | 4 |  4.3
Armour         | 1 |  1.1
Fighting       | |  2.9
Throwing       | |  2.3
Dodging        | |  3.6
Spellcasting   | |  0.5
Evocations     | |  0.6

Action                     || total
---------------------------++-------
  Melee: Quarterstaff      ||    51
         Headbutt          ||     5
  Throw: Throwing net      ||     1
    Use: Potion            ||     1
 Armour: Leather armour    ||    11
  Dodge: Dodged            ||    31

Table legend: (Time is in decaauts)
 A = Elapsed time spent in this place.
 B = Non-inter-level travel time spent in this place.
 C = Inter-level travel time spent in this place.
 D = Time resting spent in this place.
 E = Time spent auto-exploring this place.
 F = Levels seen in this place.
 G = Mean time per level.
                   A        B        C        D        E       F      G
               +--------+--------+--------+--------+--------+-----+--------+
         Total |    790 |    782 |      8 |      0 |    604 |   2 |  395.0 |
       Dungeon |    790 |    782 |      8 |      0 |    604 |   2 |  395.0 |
               +--------+--------+--------+--------+--------+-----+--------+

Top non-repeatable levels by time:
     D:1: 611 daAuts
     D:2: 178 daAuts
